Map: Lock & Load

Players

NamroodTuo

  • Race: Zerg Zerg
  • Spawn Location: 6:00

лесник

  • Race: Protoss Protoss
  • Spawn Location: 7:00

VOD

Have the link to the VOD?

Description

Time

  • Played on: Dec. 28, 2022, 6:50 a.m.
  • Length: 22:15
Show
View Real Time Build Order
Export as new Build Order

NamroodTuo Zerg 

Build Orders:  

Get SALT Encoding   

  12  0:06  Drone  
  3  0:20  Drone  
  13  0:25  Overlord  
  14  0:59  Spawning Pool  
  13  1:02  Overlord  
  13  1:14  Drone x2  
  15  1:36  Drone x2  
  15  1:38  Overlord  
  17  2:11  Drone x2  
  19  2:22  Extractor  
  19  2:25  Drone  
  19  2:26  Extractor  
  18  3:04  Drone x3  
  21  3:19  Zergling x2  
  22  3:36  Drone  
  23  3:40  Lair  
  23  4:01  Metabolic Boost  
  23  4:32  Drone x2  
  23  4:33  Drone x2  
  27  4:50  Hive  
  27  5:21  Zergling x6  
  30  6:38  Drone x4  
  34  6:41  Evolution Chamber  
  33  7:00  Drone x2  
  35  7:10  Spine Crawler  
  34  7:21  Zergling x2  
  34  7:22  Zergling x2  
  36  7:39  Hydralisk Den  
  35  8:02  Hatchery  
  33  8:17  Extractor  
  31  8:23  Zergling x4  
  31  8:24  Zergling x4  
  27  9:34  Zergling x2  
  27  9:35  Zergling x10  
  27  9:36  Zergling x4  
  35  11:02  Drone  
  35  11:03  Drone x5  
  41  11:19  Muscular Augments  
  41  11:23  Zerg Melee Weapons Level 1  
  41  11:28  Adrenal Overload  
  41  11:29  Extractor  
  38  11:41  Zergling x2  
  38  11:42  Zergling x8  
  38  11:46  Overlord x3  
  43  12:45  Drone x2  
  43  12:46  Drone x2  
  47  13:05  Hydralisk x5  
  47  13:06  Hydralisk  
  59  13:29  Ventral Sacs  
  59  13:59  Spore Crawler  
  58  14:02  Zerg Missile Weapons Level 1  
  58  14:03  Spine Crawler  
  58  14:08  Spore Crawler  
  54  14:11  Drone x3, Spine Crawler  
  54  14:12  Drone x2  
  41  15:03  Zergling x2  
  41  15:04  Zergling x16  
  50  15:19  Hydralisk  
  52  15:26  Hydralisk  
  52  15:27  Hydralisk  
  52  15:29  Unknown  
  56  16:08  Hydralisk x5  
  66  16:12  Overlord  
  66  16:18  Drone  
  67  16:31  Lair  
  67  16:42  Zerg Ground Armor Level 1  
  67  17:33  Overlord  
  67  17:34  Overlord x8  
  67  18:43  Hydralisk  
  67  18:45  Hydralisk x4  
  67  18:46  Hydralisk x5  
  87  19:09  Hive  
  87  19:22  Heroic Fortitude  
  87  19:51  Zergling x10  
  92  20:24  Hydralisk  
  92  20:25  Hydralisk x7  
  108  21:39  Zergling x2  
  107  21:40  Zergling x16  
Show
View Real Time Build Order
Export as new Build Order

лесник Protoss 

Build Orders:  

Get SALT Encoding   

  12  0:03  Probe (Chrono Boost)  
  13  0:20  Pylon  
  13  0:40  Probe (Chrono Boost)  
  14  0:54  Probe (Chrono Boost), Assimilator  
  15  1:08  Probe (Chrono Boost)  
  16  1:14  Gateway  
  16  1:22  Probe (Chrono Boost)  
  17  1:36  Probe (Chrono Boost)  
  18  1:48  Forge  
  18  1:50  Probe (Chrono Boost)  
  19  2:00  Pylon  
  19  2:04  Probe (Chrono Boost)  
  20  2:15  Pylon  
  20  2:18  Probe (Chrono Boost)  
  21  2:20  Pylon  
  21  2:31  Probe (Chrono Boost)  
  21  2:33  Assimilator  
  22  2:45  Probe (Chrono Boost)  
  23  2:59  Probe (Chrono Boost)  
  24  3:13  Probe (Chrono Boost)  
  25  3:25  Gateway  
  25  3:32  Cybernetics Core  
  25  3:38  Probe (Chrono Boost)  
  26  3:44  Protoss Ground Weapons Level 1  
  26  3:52  Probe (Chrono Boost)  
  26  3:54  Zealot  
  26  3:55  Zealot  
  31  4:06  Probe (Chrono Boost)  
  32  4:20  Probe (Chrono Boost)  
  32  4:27  Twilight Council  
  33  4:33  Probe (Chrono Boost)  
  34  4:41  Dragoon  
  34  4:47  Probe (Chrono Boost)  
  37  5:01  Probe (Chrono Boost)  
  38  5:10  Dragoon  
  38  5:11  Dragoon  
  42  5:42  Nexus  
  42  5:51  Pylon  
  42  5:55  Protoss Ground Armor Level 1  
  42  6:04  Charge  
  42  6:43  Assimilator  
  42  6:44  Assimilator  
  42  7:04  Singularity Charge  
  42  7:06  Pylon  
  42  7:07  Pylon  
  42  7:09  Pylon  
  42  7:13  Pylon  
  42  7:14  Pylon  
  42  7:22  Probe (Chrono Boost)  
  43  7:36  Probe (Chrono Boost)  
  44  7:50  Probe (Chrono Boost)  
  45  8:04  Probe (Chrono Boost)  
  45  8:05  Protoss Shields Level 1  
  45  8:06  Dragoon x2  
  45  8:07  Dragoon  
  52  8:18  Probe (Chrono Boost)  
  53  8:25  Zealot x2  
  57  8:32  Probe (Chrono Boost)  
  58  8:45  Probe (Chrono Boost)  
  59  8:59  Probe (Chrono Boost)  
  60  9:13  Probe (Chrono Boost)  
  59  10:03  Dragoon x6  
  71  10:10  Protoss Ground Weapons Level 2  
  71  10:28  Gateway  
  71  10:33  Pylon  
  71  10:34  Pylon  
  71  11:24  Zealot x4  
  75  12:07  Dragoon  
  75  12:08  Dragoon x5  
  87  12:45  Protoss Ground Armor Level 2  
  87  13:30  Zealot x4  
  87  13:31  Zealot x2  
  95  14:46  Zealot x5  
  95  14:47  Zealot x2  
  109  15:21  Protoss Shields Level 2  
  109  16:05  Dragoon x5  
  109  16:06  Dragoon x2  
  121  16:43  Zealot x3  
  121  16:44  Zealot  
  121  16:46  Zealot  
  123  17:53  Dragoon  
Tags
 
Matchup
Co-op
Replay Pack
Multiplayer
Add a new tag
Caveats
  • Supply blocks, unpowered buildings, or Contaminate may cause inaccurate times.
  • Supply counts are checked every 10 seconds.